 Dungeon Crawl Stone Soup version 0.21.1-1-g345015f (webtiles) character file.

20583 equalderp2856 the Cleaver (level 12, -9/106 HPs)
             Began as a Minotaur Fighter on Apr 28, 2018.
             Killed from afar by an efreet (23 damage)
             ... with a bolt of fire
             ... on level 13 of the Dungeon.
             The game lasted 00:30:51 (17860 turns).

equalderp2856 the Cleaver (Minotaur Fighter)       Turns: 17860, Time: 00:31:04

Health: -9/106     AC: 18    Str: 21    XL:     12   Next: 46%
Magic:  12/12      EV: 12    Int:  7    God:
Gold:   716        SH: 12    Dex: 13    Spells: 11/11 levels left

rFire    . . .     SeeInvis .   a - +0 war axe
rCold    + . .     Gourm    .   c - +0 shield
rNeg     . . .     Faith    .   N - +3 chain mail {rC+}
rPois    .         Spirit   .   (helmet restricted)
rElec    .         Reflect  .   i - +0 cloak
rCorr    .         Harm     .   (no gloves)
MR       .....                  (no boots)
Stlth    ..........             (no amulet)
HPRegen  0.27/turn              l - +2 ring of protection
MPRegen  0.13/turn              p - +2 ring of evasion

@: lethally poisoned (-9 -> -10)
A: retaliatory headbutt, horns 2
a: no special abilities


You were on level 13 of the Dungeon.
You were very hungry.

You visited 2 branches of the dungeon, and saw 14 of its levels.
You also visited: Ice Cave.

You collected 768 gold pieces.
You spent 52 gold pieces at shops.

Inventory:

Hand Weapons
 a - a +0 war axe (weapon)
 G - a +1 rapier of draining
Armour
 c - a +0 shield (worn)
 i - a +0 cloak (worn)
 j - a +1 pair of boots
 m - a +0 large shield
 N - a +3 chain mail of cold resistance (worn)
 Q - a +0 plate armour
Jewellery
 l - a +2 ring of protection (left hand)
 p - a +2 ring of evasion (right hand)
 x - an uncursed ring of loudness
 H - an uncursed amulet of magic regeneration
 I - an uncursed ring of teleportation
 S - a +2 amulet of reflection
 U - an uncursed ring of fire {unknown}
Wands
 o - a wand of iceblast (4)
 q - a wand of paralysis (5)
 y - a wand of digging (28)
 L - a wand of polymorph (28)
 Z - a wand of disintegration (7)
Scrolls
 d - a scroll of summoning {unknown}
 e - 5 scrolls of teleportation
 g - 13 scrolls of identify
 h - 2 scrolls of amnesia
 n - 2 scrolls of immolation {unknown}
 s - a scroll of enchant weapon {unknown}
 u - a scroll of noise {unknown}
 v - 8 scrolls of remove curse
 C - 4 scrolls of random uselessness {unknown}
 E - 2 scrolls of torment {unknown}
 J - 2 scrolls of fog {unknown}
 M - 2 scrolls of vulnerability {unknown}
 R - a scroll of holy word {unknown}
 V - a scroll of magic mapping
 W - a scroll of blinking {unknown}
 X - a scroll of fear {unknown}
 Y - a scroll of silence {unknown}
Potions
 b - a potion of invisibility {unknown}
 k - 2 potions of agility {unknown}
 r - 2 potions of haste {unknown}
 t - 4 potions of mutation {unknown}
 w - 3 potions of ambrosia {unknown}
 z - 3 potions of flight {unknown}
 A - 2 potions of brilliance {unknown}
 B - 2 potions of berserk rage {unknown}
 D - 2 potions of cancellation {unknown}
 K - 2 potions of heal wounds {unknown}
 O - 5 potions of magic {unknown}
 T - 2 potions of experience {unknown}
Books
 F - a book of Minor Magic

   Spells                             Type                      Level
   a - Magic Dart                     Conjuration                  1
   b - Blink                          Translocation                2
   c - Call Imp                       Summoning                    2
   d - Slow                           Hexes                        2
   e - Conjure Flame                  Conjuration/Fire             3
   f - Mephitic Cloud                 Conjuration/Poison/Air       3
 P - a book of Air

   Spells                             Type                      Level
   a - Shock                          Conjuration/Air              1
   b - Swiftness                      Charms/Air                   2
   c - Static Discharge               Conjuration/Air              3
   d - Airstrike                      Air                          4
   e - Lightning Bolt                 Conjuration/Air              5
Comestibles
 f - 17 rations


   Skills:
 + Level 9.9 Fighting
 + Level 14.5 Axes
 + Level 11.3 Armour
 + Level 5.7 Dodging
 + Level 3.7 Stealth
 + Level 11.6 Shields
 + Level 1.9 Evocations


You had 11 spell levels left.
You didn't know any spells.

Dungeon Overview and Level Annotations

Branches:
Dungeon (13/15)            Temple (0/1) D:4            Lair (1/6) D:10
    Orc (0/2) D:12
 Vaults: D:13-14

Altars:
Dithmenos
Hepliaklqana
Makhleb
Nemelex Xobeh
Qazlal
Vehumet
Xom
Yredelemnul

Shops:
D:8 *   D:12 (

Annotations:
D:8 1 transporter, microfolk's ghost, novice DrTm


Innate Abilities, Weirdness & Mutations

You reflexively headbutt those who attack you in melee.
You have a pair of horns on your head.


Message History

You block the two-headed ogre's attack.
Unknown command.
You miss the kobold. You hit the two-headed ogre.
The kobold hits you but does no damage.
You completely miss the kobold. You slash the two-headed ogre!
You kill the two-headed ogre!
The kobold barely misses you.
You barely miss the kobold. Your headbutt misses the kobold.
You slash the ogre!
Your surroundings suddenly seem different.
You feel sick.
A kobold comes into view. It is wielding a whip.
The kobold shouts!
A hound comes into view.
The hound barks!
You hear a shout! x2; You hear a screech!
You hear a bellow!
The hound moves out of view.
An efreet comes into view. It is wielding a scimitar of flaming.
The efreet gestures at you. The bolt of fire hits you!
You die...

.. .## ..# K
.. .. #.###
#.#...######
#..........##
#..@.......
#........#.
#....§H..#
#....§.....
#....R.....
#.........(
...........
............


You could see a manticore, an efreet and a big kobold.

Vanquished Creatures
  Snorg (D:11)
  5 two-headed ogres
  An ogre mage (D:13)
  The ghost of salinator123 the Spear-Bearer, a novice DsBe of Trog (D:9)
  2 unseen horrors (D:11)
  A necromancer (IceCv)
  An ugly thing (D:13)
  3 ice statues (IceCv)
  A black mamba (Lair:1)
  Psyche (D:12)
  A centaur skeleton (D:11)
  3 rime drakes
  9 ice devils (IceCv)
  A komodo dragon (Lair:1)
  The ghost of equalderp2856 the Covered, an amateur MiFi (D:5)
  3 hippogriffs
  A spriggan (D:11)
  A shadow (D:12)
  A wyvern (Lair:1)
  5 yaks (D:10)
  Grum (D:11)
  A hungry ghost (D:12)
  5 water moccasins
  6 porcupines
  2 orc warriors
  A phantom (D:6)
  2 black bears
  4 ice beasts
  4 wolves
  7 centaurs
  4 ogres
  A necrophage (D:5)
  3 crocodiles
  2 big kobolds
  8 bullfrogs
  2 scorpions
  9 wights
  3 howler monkeys
  5 crimson imps
  A centaur zombie (D:11)
  A quasit (D:9)
  2 bullfrog zombies
  A draconian simulacrum (IceCv)
  2 jellies (D:12)
  A gnoll shaman (D:5)
  5 orc priests
  A bullfrog skeleton (D:5)
  5 orc wizards
  Terence (D:3)
  Jessica (D:2)
  An iguana (D:7)
  16 worker ants
  3 troll simulacra (IceCv)
  A spriggan simulacrum (IceCv)
  A hound skeleton (D:4)
  2 worker ant zombies (D:7)
  9 gnolls
  18 adders
  4 naga simulacra (IceCv)
  An ogre simulacrum (IceCv)
  3 shadow imps
  2 oozes (D:2)
  6 worms
  2 dart slugs
  7 leopard geckos
  42 orcs
  5 giant cockroaches
  11 goblins
  4 hobgoblins
  12 jackals
  11 kobolds
  6 quokkas
  A ball python (D:3)
  7 bats
  8 frilled lizards
  A quokka skeleton (D:4)
  A quokka zombie (D:5)
  5 rats
324 creatures vanquished.

Vanquished Creatures (others)
  2 orcs (D:4)
  A fungus (D:10)
3 creatures vanquished.

Grand Total: 327 creatures vanquished

Notes
Turn   | Place    | Note
-------+----------+-------------------------------------------
     0 | D:1      | equalderp2856 the Minotaur Fighter began the quest for the Orb.
     0 | D:1      | Reached XP level 1. HP: 19/19 MP: 0/0
    81 | D:1      | Reached XP level 2. HP: 24/27 MP: 1/1
   447 | D:2      | Reached XP level 3. HP: 27/33 MP: 2/2
   451 | D:2      | Reached skill level 3 in Axes
   690 | D:2      | Reached XP level 4. HP: 39/40 MP: 3/3
  1181 | D:2      | Found a sparkling altar of Nemelex Xobeh.
  1205 | D:2      | Noticed Jessica
  1214 | D:2      | Killed Jessica
  1214 | D:2      | Reached XP level 5. HP: 46/47 MP: 4/4
  1509 | D:3      | Reached skill level 4 in Axes
  1530 | D:3      | Reached skill level 1 in Dodging
  1626 | D:3      | Found a hazy altar of Hepliaklqana.
  1897 | D:3      | Noticed Terence
  1906 | D:3      | Killed Terence
  1906 | D:3      | Reached skill level 5 in Shields
  2282 | D:4      | Found a shimmering altar of Xom.
  2292 | D:4      | Reached XP level 6. HP: 51/53 MP: 5/5
  2325 | D:4      | Found a staircase to the Ecumenical Temple.
  2359 | D:4      | Reached skill level 5 in Armour
  2584 | D:4      | Reached skill level 5 in Axes
  2967 | D:5      | Entered Level 5 of the Dungeon
  2970 | D:5      | Noticed equalderp2856's ghost (amateur MiFi)
  3344 | D:5      | Reached skill level 5 in Fighting
  3378 | D:5      | Reached skill level 6 in Axes
  3378 | D:5      | Reached XP level 7. HP: 11/60 MP: 6/6
  3974 | D:5      | Killed equalderp2856's ghost
  3974 | D:5      | Reached skill level 7 in Axes
  4110 | D:5      | Reached XP level 8. HP: 59/68 MP: 7/7
  4805 | D:6      | Reached skill level 8 in Axes
  5267 | D:6      | Found a burning altar of Makhleb.
  5314 | D:6      | Reached skill level 9 in Axes
  5758 | D:7      | Reached XP level 9. HP: 37/74 MP: 8/8
  6481 | D:8      | Found a transporter.
  6726 | D:8      | Found Amnom's General Store.
  6873 | D:8      | Bought a scroll of magic mapping for 52 gold pieces
  7015 | D:8      | Reached skill level 10 in Axes
  7168 | D:8      | Found a shadowy altar of Dithmenos.
  7364 | D:8      | Noticed a two-headed ogre
  7366 | D:8      | Noticed microfolk's ghost (novice DrTm)
  7380 | D:8      | Killed a two-headed ogre
  7380 | D:8      | Reached skill level 1 in Stealth
  7428 | D:9      | Noticed a two-headed ogre
  7718 | D:8      | Killed a two-headed ogre
  7718 | D:8      | Reached XP level 10. HP: 79/85 MP: 9/9
  7830 | D:9      | Reached skill level 11 in Axes
  7850 | D:9      | Noticed salinator123's ghost (novice DsBe)
  8341 | D:9      | Killed salinator123's ghost
  8708 | D:9      | Found a radiant altar of Vehumet.
  8820 | D:9      | Noticed a two-headed ogre
  8830 | D:9      | Killed a two-headed ogre
  8977 | D:9      | Found a stormy altar of Qazlal.
  8995 | D:9      | You fall through a shaft for 2 floors!
  9005 | D:11     | Noticed Grum
  9006 | D:10     | Entered Level 10 of the Dungeon
  9048 | D:11     | Noticed a green ugly thing
  9073 | D:11     | Found a frozen archway.
  9102 | IceCv    | Entered an ice cave
  9212 | IceCv    | Noticed an ice statue
  9403 | IceCv    | Reached skill level 12 in Axes
 10073 | IceCv    | Noticed a necromancer
 10076 | IceCv    | Killed a necromancer
 10076 | IceCv    | Reached XP level 11. HP: 94/94 MP: 10/10
 10486 | IceCv    | Reached skill level 1 in Evocations
 11476 | IceCv    | Reached skill level 5 in Dodging
 13268 | IceCv    | Reached skill level 10 in Shields
 13755 | D:10     | Reached skill level 13 in Axes
 13789 | D:9      | Reached skill level 10 in Armour
 14660 | D:10     | Found a staircase to the Lair.
 14713 | Lair:1   | Entered Level 1 of the Lair of Beasts
 15400 | Lair:1   | Noticed an eight-headed hydra
 15754 | D:11     | Killed Grum
 15795 | D:11     | Killed an unseen horror
 16221 | D:11     | Reached XP level 12. HP: 92/104 MP: 12/12
 16379 | D:11     | Reached skill level 14 in Axes
 16496 | D:12     | Noticed Psyche
 16510 | D:12     | Killed Psyche
 16680 | D:12     | Found a basalt altar of Yredelemnul.
 16713 | D:12     | Noticed Snorg
 16944 | D:12     | Found Cutaoruc's Weapon Boutique.
 17178 | D:12     | Found a staircase to the Orcish Mines.
 17542 | D:11     | Killed Snorg
 17814 | D:13     | Noticed a two-headed ogre
 17815 | D:13     | Noticed an ogre mage
 17815 | D:13     | Noticed a two-headed ogre
 17817 | D:13     | Noticed a two-headed ogre
 17832 | D:13     | Noticed a two-headed ogre
 17834 | D:13     | Killed a two-headed ogre
 17848 | D:13     | Killed an ogre mage
 17859 | D:13     | Killed a two-headed ogre
 17860 | D:13     | Killed from afar by an efreet

Skill      XL: |  1  2  3  4  5  6  7  8  9 10 11 12 |
---------------+-------------------------------------+-----
Armour         | 4 5 6 7 8 9 10 11 | 11.3
Fighting       | 4 5 6 7 8 9 |  9.9
Shields        | 4 5 6 8 9 11 | 11.6
Axes           | 3 4 6 7 9 10 12 13 14 | 14.5
Dodging        | 1 2 3 4 5 |  5.7
Stealth        | 2 3 |  3.7
Evocations     | 1 |  1.9

Action                   |  1- 3 |  4- 6 |  7- 9 | 10-12 || total
-------------------------+-------+-------+-------+-------++-------
Melee: War axe           |    63 |   178 |   282 |   829 ||  1352
       Headbutt          |     7 |    37 |    60 |   199 ||   303
Evoke: Wand              |       |       |     4 |    40 ||    44
  Use: Scroll            |       |       |     1 |    11 ||    12
       Potion            |       |       |       |     7 ||     7
 Stab: Paralysed         |       |       |    11 |       ||    11
  Eat: Chunk             |       |     6 |    12 |    10 ||    28
       Ration            |       |       |     1 |     7 ||     8
Armor: Scale mail        |    21 |    74 |    67 |       ||   162
       Plate armour      |       |       |     2 |    69 ||    71
       Skin              |       |       |       |    13 ||    13
       Chain mail        |       |       |       |   319 ||   319
Dodge: Dodged            |    22 |    57 |    96 |   278 ||   453
Block: Shield            |    36 |    99 |   178 |   495 ||   808
